 Seeded DCSS version 0.28-a0-751-gef3a642a4e (webtiles) character file.

Game seed: 20211031 (custom seed)

187 a11behringer the Slasher (level 5, -1/43 HPs)
             Began as a Palentonga Berserker on Oct 31, 2021.
             Was a Believer of Trog.
             Slain by a gnoll (3 damage)
             ... on level 3 of the Dungeon.
             The game lasted 00:08:32 (3537 turns).

a11behringer the Slasher (Palentonga Berserker)     Turns: 3537, Time: 00:08:34

Health: -1/43      AC:  8    Str: 21    XL:     5   Next: 39%
Magic:  5/5        EV: 10    Int:  7    God:    Trog [**....]
Gold:   91         SH:  0    Dex: 10    Spells: 4/4 levels left

rFire   . . .      SeeInvis +   a - +0 falchion
rCold   . . .      Faith    .   (no shield)
rNeg    . . .      Spirit   .   f - +0 robe {Will+}
rPois   .          Reflect  .   e - +2 helmet {SInv}
rElec   .          Harm     .   h - +0 cloak
rCorr   .          Rampage  .   (no gloves)
Will    +++..                   (no barding)
Stlth   +.........              (no amulet)
HPRegen 1.14/turn               (no ring)
MPRegen 0.09/turn               (no ring)

@: strong-willed (expiring), on berserk cooldown, regenerating (expiring),
slowed, studying Armour, very slow
A: large, rugged brown scales 3, see invisible, deformed body, roll 1, armoured
tail
a: Rolling Charge, Renounce Religion, Berserk, Trog's Hand


You were on level 3 of the Dungeon.
You worshipped Trog.
Trog was pleased with you.
You visited 1 branch of the dungeon, and saw 3 of its levels.

You collected 91 gold pieces.

Inventory:

Hand Weapons
 a - a +0 falchion (weapon)
Armour
 b - a +0 animal skin
 e - a +2 helmet of see invisible (worn)
 f - a +0 robe of willpower (worn)
 h - a +0 cloak (worn)
 j - a +0 cloak
Scrolls
 d - 3 scrolls of identify
Potions
 c - 4 potions of curing
 g - a potion of cancellation {unknown}
 i - 2 potions of degeneration


   Skills:
 + Level 3.5 Fighting
 * Level 4.8 Long Blades
 * Level 2.6 Armour
 + Level 2.3 Dodging
 + Level 0.5 Stealth


You had 4 spell levels left.
You didn't know any spells.
Your spell library was empty.

Dungeon Overview and Level Annotations

Branches:
Dungeon (3/15)

Altars:


Innate Abilities, Weirdness & Mutations

You are completely covered in rugged brown scales. (AC +3, +7% HP)
You have supernaturally acute eyesight. (SInv)
Armour fits poorly on your strangely shaped body.
You can roll at nearby foes to attack.
You have a long armoured tail.


Message History

The gnoll hits you with a +0 flail.
You hit the gnoll.
The gnoll is severely wounded.
The gnoll closely misses you. The gnoll barely misses you.
The gnoll hits you with a +0 flail!
You completely miss the gnoll.
The gnoll is severely wounded.
The gnoll closely misses you.
You slash the gnoll!
You kill the gnoll!
Trog accepts your kill. The gnoll hits you but does no damage.
The gnoll hits you with a +0 flail!
You hit the gnoll. You tail-slap the gnoll!
You kill the gnoll!
Trog accepts your kill.
You are no longer berserk.
You are exhausted.
You feel yourself slow down. The kobold hits you with a +0 whip.
* * * LOW HITPOINT WARNING * * *
The gnoll hits you with a +0 flail.
* * * LOW HITPOINT WARNING * * *
Items here: ( ))) [ †††.
You hit the gnoll.
The gnoll is moderately wounded.
The kobold barely misses you. The gnoll hits you with a +0 flail.
* * * LOW HITPOINT WARNING * * *
The kobold misses you.
You hit the gnoll.
The gnoll is heavily wounded.
The gnoll hits you with a +0 flail.
* * * LOW HITPOINT WARNING * * *
The kobold barely misses you. The gnoll hits you with a +0 flail.
* * * LOW HITPOINT WARNING * * *
You closely miss the gnoll.
The gnoll is heavily wounded.
You feel the effects of Trog's Hand fading.
The kobold hits you with a +0 whip.
* * * LOW HITPOINT WARNING * * *
The gnoll hits you with a +0 flail.
You die...

#......##
#........
#........
#.....?..
#......#
#......#
#gK....#
..######@.....#
........#######
#..####.#
#.#### #....##
. # ####..## .#
.. ##..####..#
#.#####.#....#
#....##...####


You could see a gnoll and a kobold.

Vanquished Creatures
  A gnoll shaman (D:3)
  2 adders
  8 gnolls
  3 dart slugs (D:1)
  6 ball pythons
  8 endoplasms
  4 giant cockroaches (D:1)
  5 goblins
  5 hobgoblins
  2 quokkas
  7 bats
  2 frilled lizards
  3 kobolds
  5 rats
61 creatures vanquished.

Notes
Turn   | Place    | Note
-------+----------+-------------------------------------------
     0 | D:1      | a11behringer the Palentonga Berserker began the quest for
                  | the Orb.
     0 | D:1      | Reached XP level 1. HP: 19/19 MP: 1/1
   289 | D:1      | Reached XP level 2. HP: 23/25 MP: 2/2
   439 | D:1      | Found a faded altar of an unknown god.
  1210 | D:1      | HP: 1/25 [gnoll (5)]
  1212 | D:1      | Reached XP level 3. HP: 1/31 MP: 3/3
  1558 | D:1      | Reached skill level 4 in Long Blades
  1590 | D:1      | Reached ** piety under Trog
  2116 | D:2      | Reached XP level 4. HP: 29/37 MP: 4/4
  3526 | D:3      | Reached XP level 5. HP: 41/43 MP: 5/5
  3537 | D:3      | HP: 2/43 [kobold (3)]
  3537 | D:3      | Slain by a gnoll

Illustrated notes

Levels and vault maps discovered:
D:1:      kennysheep_arrival_forest, layout_basic,
          shapermc_ecumenical_altar_venn, minmay_misc_feat_hallway,
          chequers_serial_rivers_micro_b, chequers_mini_garden,
          chequers_serial_rivers_small_b
D:2:      layout_basic, serial_curves, eino_curves_03, eino_curves_03,
          minmay_circled_x
D:3:      layout_rooms

Skill      XL: |  1  2  3  4 |
---------------+-------------+-----
Long Blades    | 4 |  4.8
Armour         | 2 |  2.6
Dodging        | 2 |  2.3
Fighting       | |  3.5
Stealth        | |  0.5

Action                   |  1- 3 |  4- 6 || total
-------------------------+-------+-------++-------
Melee: Falchion          |   123 |    73 ||   196
       Tailslap          |    11 |     5 ||    16
Invok: Berserk           |       |     2 ||     2
       Trog's Hand       |       |     2 ||     2
 Abil: Rolling Charge    |     2 |     1 ||     3
  Use: Scroll            |     2 |     2 ||     4
 Stab: Sleeping          |     1 |     1 ||     2
Armor: Animal skin       |    21 |       ||    21
       Robe              |    58 |    36 ||    94
Dodge: Dodged            |    90 |    62 ||   152

Table legend: (Time is in decaauts)
 A = Elapsed time spent in this place.
 B = Non-inter-level travel time spent in this place.
 C = Inter-level travel time spent in this place.
 D = Time resting spent in this place.
 E = Time spent auto-exploring this place.
 F = Levels seen in this place.
 G = Mean time per level.
                   A        B        C        D        E       F      G
               +--------+--------+--------+--------+--------+-----+--------+
         Total |   3563 |   3185 |    378 |      0 |   2713 |   3 | 1187.7 |
       Dungeon |   3563 |   3185 |    378 |      0 |   2713 |   3 | 1187.7 |
               +--------+--------+--------+--------+--------+-----+--------+

Top non-repeatable levels by time:
     D:1: 1815 daAuts
     D:2: 1477 daAuts
     D:3: 270 daAuts
